 Dungeon Crawl Stone Soup version 0.32-a0-616-g9348d4545b (webtiles) character file.

Game seed: 3630382378879546228

1096 Ruich the Chopper (level 8, -1/62 HPs)
             Began as a Coglin Berserker on Mar 5, 2024.
             Was a Follower of Lugonu.
             Slain by Maggie
             ... wielding a +2 scimitar of distortion
              (14 damage)
             ... on level 6 of the Dungeon.
             The game lasted 00:10:10 (4076 turns).

Ruich the Chopper (Coglin Berserker)                Turns: 4076, Time: 00:10:11

Health: -1/62      AC: 12    Str: 19    XL:     8   Next: 31%
Magic:  8/8        EV:  9    Int:  5    God:    Lugonu [*.....]
Gold:   230        SH:  0    Dex: 15    Spells: 7/7 levels left

rFire   . . .        a - +0 hand axe {Octavia}
rCold   . . .        d - +1 dagger (elec) {Kiyoto}
rNeg    + . .        j - +0 chain mail
rPois   +            (no helmet)
rElec   .            l - +2 ratskin cloak {*Rats rPois rN+ Str-1 Int-1 Dex+1}
rCorr   .            (no gloves)
SInv    .            (no boots)
Will    .....        (amulet unavailable) Stlth
                     (ring unavailable)
HPRegen 0.30/turn    (ring unavailable)
MPRegen 0.11/turn    (no gizmo)

%: no passive effects
@: attractive, mesmerised, revved
A: off-hand wielding, slow wielding, warmup strikes, no jewellery
a: Invent Gizmo, Renounce Religion, Depart the Abyss


You were on level 6 of the Dungeon.
You worshipped Lugonu.
Lugonu was aware of your devotion.
You visited 1 branch of the dungeon, and saw 6 of its levels.
You visited the Abyss 1 time.

You collected 230 gold pieces.


Innate Abilities, Weirdness & Mutations

You can wield a second weapon in your off-hand.
It takes a long time for you to wield or remove held weapons.
Your first few attacks do less damage.
You cannot equip rings or amulets.


   Skills:
 + Level 5.1 Fighting
 * Level 6.7 Axes
 + Level 4.2 Armour
 + Level 4.2 Dodging


You had 7 spell levels left.
You didn't know any spells.
Your spell library was empty.

Inventory:

Hand Weapons
 a - a +0 hand axe (weapon) {Octavia}
 d - a +1 dagger of electrocution (offhand) {Kiyoto}
Missiles
 m - 2 javelins
Armour
 j - a +0 chain mail (worn)
 l - the +2 ratskin cloak (worn) {*Rats rPois rN+ Str-1 Int-1 Dex+1}
   (You found it on level 2 of the Dungeon)

   *Rats:     When the wearer is hurt, rats may emerge from it to assist them.
   Str-1:     It affects your strength (-1).
   Int-1:     It affects your intelligence (-1).
   Dex+1:     It affects your dexterity (+1).
   rPois:     It protects you from poison.
   rN+:       It protects you from negative energy.
Wands
 n - a wand of flame (48)
Potions
 b - a potion of mutation {unknown}
 e - a potion of experience {unknown}
 f - 2 potions of magic
 g - 2 potions of enlightenment {unknown}
 i - 2 potions of degeneration {unknown}
 k - 6 potions of curing {@q1}
 o - 2 potions of attraction
 p - 2 potions of cancellation {unknown}
 q - a potion of lignification {unknown}

Dungeon Overview and Level Annotations

Branches:
Dungeon (6/15)
 Temple: D:4-7

Altars:
Fedhas
Uskayaw
Vehumet
Zin

Annotations:
D:6 Eustachio, Jeremiah, Maggie

##..........#### .
................ ..
#..............
...####..............
...@.................
##.@.................
.................#
####ยง......)..#
#@@B.....))####
#.r......).####.#
#...............#
#..........#######
#.................
#...(......######.
############......
#...... #......


You could see Maggie (mesmerising, drained, ally target), a bombardier beetle
and a friendly hell rat.


Message History

Eustachio is attracted toward you.
You hit Maggie with your +1 dagger of electrocution.
Maggie is moderately wounded.
You closely miss Maggie with your +0 hand axe.
Eustachio hits your hell rat with a +0 rapier of electrocution.
Lightning courses through your hell rat!
Maggie hits you with a +2 scimitar of distortion.
* * * LOW HITPOINT WARNING * * *
You resist the pull of the Abyss.
You closely miss Maggie with your +0 hand axe.
Maggie is moderately wounded.
You barely miss Maggie with your +1 dagger of electrocution.
Eustachio mumbles some strange words.
Eustachio blinks!
Maggie gestures wildly while chanting.
Maggie draws you further into her thrall.
Your hell rat bites Maggie.
Your hell rat drains Maggie.
The bombardier beetle is attracted toward you.
You hit Maggie but do no damage.
Maggie is moderately wounded.
You hit Maggie but do no damage. Maggie completely misses you.
The bombardier beetle barely misses your hell rat.
Unknown command.
You closely miss Maggie with your +1 dagger of electrocution.
Maggie is moderately wounded.
You closely miss Maggie with your +0 hand axe.
Maggie hits you with a +2 scimitar of distortion.
* * * LOW HITPOINT WARNING * * *
Space warps horribly around you!
You die...

Skill      XL: |  1  2  3  4  5  6  7  8 |
---------------+-------------------------+-----
Armour         | 2 3 4 |  4.2
Dodging        | 2 3 4 |  4.2
Axes           | 4 5 6 |  6.7
Fighting       | 4 5 |  5.1

Action                     |  1- 3 |  4- 6 |  7- 9 || total
---------------------------+-------+-------+-------++-------
  Melee: Hand axe          |    54 |    43 |    98 ||   195
         Dagger            |    52 |    48 |   104 ||   204
 Invoke: Berserk           |     1 |     1 |     2 ||     4
         Trog's Hand       |       |     1 |     2 ||     3
         Depart the Abyss  |       |       |     1 ||     1
    Use: Scroll            |       |     4 |     2 ||     6
         Potion            |       |       |     1 ||     1
   Stab: Sleeping          |     1 |       |       ||     1
 Armour: Animal skin       |    15 |       |       ||    15
         Chain mail        |    31 |    37 |   129 ||   197
         Ring mail         |     6 |       |       ||     6
  Dodge: Dodged            |    38 |    17 |    88 ||   143

Levels and vault maps discovered:
D:1:      amcnicky_arrival_feature_with_door, layout_basic
D:2:      layout_loops_cross, dreamdust_ecumenical_altar_sealed_demon,
          minmay_tree_intersection, kennysheep_generic_room_2
D:3:      minmay_inner_zag, layout_rooms, zin_angel, vehumet_altar_wand_db
D:4:      layout_rooms, lemuel_doored_altar, gammafunk_ghost_cemetery
D:5:      layout_gridville, overflow_temple_1_default
D:6:      layout_basic, lemuel_temple_firewalk_b, uniq_jeremiah, uniq_maggie,
          uniq_eustachio

Notes
Turn   | Place    | Note
-------+----------+-------------------------------------------
     0 | D:1      | Ruich the Coglin Berserker began the quest for the Orb.
     0 | D:1      | Reached XP level 1. HP: 18/18 MP: 1/1
    80 | D:1      | Reached XP level 2. HP: 23/24 MP: 2/2
    81 | D:1      | Reached skill level 2 in Armour
    81 | D:1      | Reached skill level 2 in Dodging
   313 | D:1      | Reached XP level 3. HP: 26/29 MP: 3/3
   382 | D:1      | Reached ** piety under Trog
  1004 | D:2      | Found a faded altar of an unknown god.
  1004 | D:2      | Noticed a green death
  1250 | D:2      | Found the +2 ratskin cloak {*Rats rPois rN+ Str-1 Int-1
                  | Dex+1}
  1337 | D:3      | Reached XP level 4. HP: 33/35 MP: 4/4
  1414 | D:3      | Reached skill level 4 in Axes
  1479 | D:3      | Reached XP level 5. HP: 33/41 MP: 5/5
  1734 | D:3      | Found a radiant altar of Vehumet.
  1814 | D:3      | Found a glowing silver altar of Zin.
  1815 | D:3      | Noticed an angel
  2295 | D:4      | Found a blossoming altar of Fedhas.
  2323 | D:4      | Found a runed translucent gate.
  2323 | D:4      | Found a runed translucent gate.
  2323 | D:4      | Found a runed translucent gate.
  2324 | D:4      | Noticed zenocrate's ghost (amateur DsEE)
  2325 | D:4      | Noticed SageDae's ghost (amateur CoGl)
  2337 | D:4      | Killed SageDae's ghost
  2338 | D:4      | Reached skill level 4 in Fighting
  2338 | D:4      | Reached skill level 3 in Armour
  2338 | D:4      | Reached skill level 3 in Dodging
  2338 | D:4      | Reached XP level 6. HP: 48/48 MP: 6/6
  2339 | D:4      | Killed zenocrate's ghost
  2340 | D:4      | Reached skill level 5 in Axes
  2534 | D:5      | Entered Level 5 of the Dungeon
  2537 | D:5      | Noticed an ice beast
  2546 | D:5      | Killed an ice beast
  2547 | D:5      | Reached XP level 7. HP: 42/55 MP: 7/7
  2636 | D:5      | Found a hide-covered altar of Uskayaw.
  3004 | D:5      | Reached skill level 6 in Axes
  3376 | D:6      | Reached *** piety under Trog
  3383 | D:6      | Noticed Jeremiah
  3723 | D:6      | Reached XP level 8. HP: 36/61 MP: 8/8
  3835 | D:6      | Reached skill level 4 in Armour
  3835 | D:6      | Reached skill level 4 in Dodging
  3839 | D:6      | Reached skill level 5 in Fighting
  3911 | D:6      | Noticed Maggie
  3920 | D:6      | Noticed Eustachio
  3920 | D:6      | You are cast into the Abyss!
  3920 | Abyss:2  | Cast into level 2 of the Abyss (Maggie)
  3991 | Abyss:2  | Noticed a juggernaut zombie
  3992 | Abyss:2  | Noticed an orange demon
  3995 | Abyss:2  | Noticed a raiju
  3995 | Abyss:2  | Noticed a ynoxinul
  4007 | Abyss:2  | Found a corrupted altar of Lugonu.
  4062 | Abyss:2  | Noticed a great orb of eyes
  4063 | Abyss:2  | Fell from the grace of Trog
  4063 | Abyss:2  | Became a worshipper of Lugonu the Unformed
  4063 | Abyss:2  | Reached * piety under Lugonu
  4063 | Abyss:2  | Reached ** piety under Lugonu
  4064 | D:6      | You pass through the gate.
  4064 | D:6      | Escaped the Abyss
  4076 | D:6      | Slain by Maggie

Vanquished Creatures
  The ghost of SageDae the Slasher, an amateur CoGl of Okawaru (D:4)
  The ghost of zenocrate the Digger, an amateur DsEE (D:4)
  A water moccasin (D:5)
  An ice beast (D:5)
  2 scorpions (D:6)
  A gnoll bouda (D:6)
  2 hounds
  A jelly (D:4)
  An iron imp (Abyss:2)
  2 orc wizards (D:5)
  3 gnolls (D:6)
  8 adders
  A shadow imp (D:6)
  2 white imps
  4 ufetubi
  2 dart slugs (D:1)
  A ribbon worm (D:3)
  9 orcs
  7 ball pythons
  7 bats
  An endoplasm (D:1)
  A giant cockroach (D:4)
  8 goblins
  4 hobgoblins
  4 jackals (D:1)
  2 quokkas
  4 frilled lizards
  6 kobolds
  9 rats
96 creatures vanquished.

Vanquished Creatures (collateral kills)
  A centaur (D:6)
  A sleepcap (D:6)
  A gnoll (D:6)
  An adder (D:6)
  An orc (D:3)
  A quokka (D:5)
6 creatures vanquished.

Grand Total: 102 creatures vanquished

Table legend: (Time is in decaauts)
 A = Elapsed time spent in this place.
 B = Non-inter-level travel time spent in this place.
 C = Inter-level travel time spent in this place.
 D = Time resting spent in this place.
 E = Time spent auto-exploring this place.
 F = Levels seen in this place.
 G = Mean time per level.
                   A        B        C        D        E       F      G
               +--------+--------+--------+--------+--------+-----+--------+
         Total |   4127 |   3858 |    269 |    762 |   2263 |   7 |  589.6 |
       Dungeon |   3983 |   3714 |    269 |    723 |   2263 |   6 |  663.8 |
         Abyss |    143 |    143 |      0 |     39 |      0 |   1 |  143.0 |
               +--------+--------+--------+--------+--------+-----+--------+

Top non-repeatable levels by time:
     D:5: 1031 daAuts
     D:3: 764 daAuts
     D:1: 700 daAuts
     D:2: 659 daAuts
     D:4: 436 daAuts
     D:6: 390 daAuts
 Abyss:2: 143 daAuts

Table legend:
 A = Non-vault XP
 B = Vault XP
 C = Vault XP percentage of total XP
 D = Non-vault monster count
 E = Vault monster count
 F = Vault count percentage of total count
                 A         B        C        D         E       F
            +---------+---------+-------+---------+---------+-------
      Total |    1193 |     374 |  23.9 |      91 |      11 |  10.8
            +---------+---------+-------+---------+---------+-------
        D:1 |      44 |       0 |   0.0 |      26 |       0 |   0.0
        D:2 |      24 |      13 |  35.1 |      16 |       1 |   5.9
        D:3 |      86 |      18 |  17.3 |      10 |       8 |  44.4
        D:4 |      86 |     343 |  80.0 |       6 |       2 |  25.0
        D:5 |     395 |       0 |   0.0 |      12 |       0 |   0.0
        D:6 |     519 |       0 |   0.0 |      20 |       0 |   0.0
    Abyss:2 |      39 |       0 |   0.0 |       1 |       0 |   0.0
            +---------+---------+-------+---------+---------+-------
